 Dungeon Crawl Stone Soup version 0.21.1-1-g345015f (webtiles) character file.

39 Vesto the Magician (level 3, -4/25 HPs)
             Began as a Mummy Fire Elementalist on Feb 19, 2018.
             Slain by a water moccasin (6 damage)
             ... on level 4 of the Dungeon.
             The game lasted 00:03:46 (1165 turns).

Vesto the Magician (Mummy Fire Elementalist)        Turns: 1165, Time: 00:03:47

Health: -4/25      AC:  1    Str: 11    XL:     3   Next: 28%
Magic:  4/7        EV: 12    Int: 15    God:
Gold:   14         SH:  0    Dex: 12    Spells: 2/8 levels left

rFire    x . .     SeeInvis .   a - +1 mace
rCold    + . .     Gourm    .   (no shield)
rNeg     + + +     Faith    .   e - -1 robe (curse)
rPois    ∞         Spirit   .   (no helmet)
rElec    .         Reflect  .   (no cloak)
rCorr    .         Harm     .   (no gloves)
MR       .....                  (no boots)
Stlth    ++........             (no amulet)
HPRegen  0.08/turn              (no ring)
MPRegen  0.10/turn              (no ring)

@: no status effects
A: no food or potions, fire vulnerability, cold resistance 1, negative energy
resistance 3, torment resistance, unbreathing
a: no special abilities


You were on level 4 of the Dungeon.
You were not hungry.

You visited 1 branch of the dungeon, and saw 4 of its levels.

You collected 14 gold pieces.

Inventory:

Hand Weapons
 a - a +1 mace (weapon)
Armour
 c - a +0 robe
 e - a cursed -1 robe (worn)
Jewellery
 d - an uncursed amulet of guardian spirit
Scrolls
 f - a scroll of immolation {unknown}
Books
 b - a book of Flames

   Spells                             Type                      Level
   a - Flame Tongue                   Conjuration/Fire             1
   b - Throw Flame                    Conjuration/Fire             2
   c - Conjure Flame                  Conjuration/Fire             3
   d - Inner Flame                    Hexes/Fire                   3
   e - Sticky Flame                   Conjuration/Fire             4
   f - Fireball                       Conjuration/Fire             5


   Skills:
 + Level 0.5 Fighting
 + Level 0.3 Armour
 + Level 1.6 Dodging
 + Level 1.6 Stealth
 + Level 3.1 Spellcasting
 * Level 1.2 Conjurations
 + Level 3.0 Fire Magic


You had 2 spell levels left.
You knew the following spells:

 Your Spells              Type           Power        Failure   Level  Hunger
a - Flame Tongue          Conj/Fire      #....        9%          1    N/A
c - Conjure Flame         Conj/Fire      #.......     24%         3    N/A
d - Throw Flame           Conj/Fire      #.....       12%         2    N/A

Dungeon Overview and Level Annotations

Branches:
Dungeon (4/15)
 Temple: D:4-7

Altars:


Innate Abilities, Weirdness & Mutations

You do not eat or drink.
Your flesh is vulnerable to fire.
You are immune to poison.
Your flesh is cold resistant. (rC+)
You are immune to negative energy. (rN+++)
You are immune to unholy pain and torment.
You can survive without breathing.


Message History

Casting: Flame Tongue
Confirm with . or Enter, or press ? or * to list all spells.
Aiming: Flame Tongue
Press: ? - help, Shift-Dir - straight line, f/p - water moccasin
Aim: a water moccasin (lightly wounded)
The flame tongue hits the water moccasin.
The water moccasin is moderately wounded.
The water moccasin bites you!
* * * LOW HITPOINT WARNING * * *
Casting: Flame Tongue
Confirm with . or Enter, or press ? or * to list all spells.
Aiming: Flame Tongue
Press: ? - help, Shift-Dir - straight line, f/p - water moccasin
Aim: a water moccasin (moderately wounded)
The flame tongue hits the water moccasin.
The water moccasin is moderately wounded.
The water moccasin bites you.
* * * LOW HITPOINT WARNING * * *
The water moccasin bites you.
You die...

#### #######..#
#....?#.<#
##.#......#
#...###...#
#.......S.#
#......@..#
###.####.......
.. ...#.### .#
......# ......#
.....# ....##
♣..##


You could see a water moccasin.

Vanquished Creatures
  2 adders (D:2)
  4 bats (D:2)
  2 giant cockroaches
  2 goblins (D:2)
  A hobgoblin (D:2)
  5 jackals
  A frilled lizard (D:2)
  A kobold (D:2)
  3 rats
21 creatures vanquished.

Notes
Turn   | Place    | Note
-------+----------+-------------------------------------------
     0 | D:1      | Vesto the Mummy Fire Elementalist began the quest for the Orb.
     0 | D:1      | Reached XP level 1. HP: 13/13 MP: 4/4
   187 | D:2      | Reached XP level 2. HP: 19/19 MP: 2/5
   191 | D:2      | Learned a level 2 spell: Throw Flame
   295 | D:2      | Reached skill level 1 in Conjurations
   611 | D:2      | Reached XP level 3. HP: 25/25 MP: 4/7
   616 | D:2      | Learned a level 3 spell: Conjure Flame
  1160 | D:4      | Noticed a water moccasin
  1165 | D:4      | Slain by a water moccasin

Skill      XL: |  1  2 |
---------------+-------+-----
Fire Magic     | 3 |  3.0
Spellcasting   | 3 |  3.1
Conjurations   | 1 |  1.2
Fighting       | |  0.5
Armour         | |  0.3
Dodging        | |  1.6
Stealth        | |  1.6

Action                   || total
-------------------------++-------
Melee: Unarmed           ||     6
       Mace              ||    15
 Cast: Flame Tongue      ||    26
       Throw Flame       ||    10
  Use: Scroll            ||     1
Armor: Robe              ||     8
Dodge: Dodged            ||    44
